 Dungeon Crawl Stone Soup version 0.15-a0-244-g7dd1917 (webtiles) character file.

7084 PolkaDot the Bewitcher (level 10, -6/63 HPs)
             Began as a Vampire Enchanter on Apr 26, 2014.
             Was an Elder of Ashenzari.
             Shot with an arrow by a centaur warrior (12 damage)
             ... on Level 10 of the Dungeon.
             The game lasted 01:11:38 (12216 turns).

PolkaDot the Bewitcher (Vampire Enchanter)         Turns: 12216, Time: 01:11:38

HP  -6/63        AC 15     Str  7      XL: 10   Next: 81%
MP   2/19        EV 14     Int 17      God: Ashenzari [****..]
Gold 110         SH  0     Dex 17      Spells:  6 memorised,  1 level left

rFire  . . .     SeeInvis +     w - +0,+3 dagger (protect)
rCold  + + .     Clarity  +     b - +2 robe (curse)
rNeg   + + +     Conserve .     (no shield)
rPois  +         rCorr    .     g - +3 helmet "Ekeun" {+Fly}
rElec  .         rRot     +     n - +0 cloak (curse)
SustAb + .       Spirit   .     e - +0 pair of gloves (curse)
rMut   .         Warding  .     (no boots)
Saprov . . .     Stasis   .     l - cursed amulet of faith
MR     +....                    (no ring)
                                v - cursed ring of sustain abilities {unknown}

@: non-regenerating, invisible, very slightly contaminated, somewhat resistant
to hostile enchantments, extraordinarily stealthy
A: bottle blood, fangs 3, see invisible, unbreathing
a: Bat Form, Bottle Blood, Scrying, Renounce Religion, Evoke Flight


You were on level 10 of the Dungeon.
You worshipped Ashenzari.
Ashenzari was greatly pleased with you.
You were bloodless.

You visited 2 branches of the dungeon, and saw 11 of its levels.
You also visited: Sewer.

You collected 516 gold pieces.
You spent 406 gold pieces at shops.

Inventory:

Hand weapons
 w - a +0,+3 dagger of protection (weapon)
Missiles
 d - 10 darts (quivered)
Armour
 b - a cursed +2 robe (worn)
 e - a cursed +0 pair of gloves (worn)
 g - the +3 helmet "Ekeun" (worn) {+Fly}
   (You bought it in a shop on level 7 of the Dungeon)

   It lets you fly.
 n - a cursed +0 cloak (worn)
 u - a +0 troll leather armour
 x - a +1 pair of gloves of dexterity
Magical devices
 s - a wand of paralysis (13)
Scrolls
 h - a scroll of amnesia
 p - 3 scrolls of curse jewellery
 r - a scroll of recharging
 y - a scroll of magic mapping
 z - a scroll of enchant weapon II {unknown}
Jewellery
 a - an uncursed amulet of resist mutation
 l - a cursed amulet of faith (around neck)
 v - a cursed ring of sustain abilities (left hand) {unknown}
Potions
 f - 6 potions of curing
 i - a potion of agility
 j - a potion of haste
 m - 5 potions of brilliance
 o - 3 potions of restore abilities
 t - 3 potions of heal wounds
Books
 c - a book of Maledictions

   Spells                             Type                      Level
   *Corona                            Hexes                        1
   *Sure Blade                        Hexes/Charms                 2
   *Ensorcelled Hibernation           Hexes/Ice                    2
   *Confuse                           Hexes                        3
   *Dazzling Spray                    Conjuration/Hexes            3
   *Enslavement                       Hexes                        4
 k - a book of Annihilations {highlevel, unknown}

   This book is beyond your current level of understanding.

   Spells                             Type                      Level
   Poison Arrow                       Conjuration/Poison           6
   Chain Lightning                    Conjuration/Air              8
   Lehudib's Crystal Spear            Conjuration/Earth            8
   Glaciate                           Conjuration/Ice              9
   Fire Storm                         Conjuration/Fire             9
 A - a book of Ice

   Spells                             Type                      Level
   Freezing Aura                      Charms/Ice                   2
   Metabolic Englaciation             Hexes/Ice                    5
   Ozocubu's Refrigeration            Ice                          6
   Bolt of Cold                       Conjuration/Ice              6
   Freezing Cloud                     Conjuration/Ice/Air          6
   Simulacrum                         Ice/Necromancy               6


   Skills:
 + Level 8.5 Short Blades
 - Level 0.7 Throwing
 - Level 2.1(3.9) Dodging
 + Level 12.8(14.7) Stealth
 - Level 3.6 Spellcasting
 * Level 16.0(17.9) Hexes


You had one spell level left.
You knew the following spells:

 Your Spells              Type           Power        Failure   Level  Hunger
a - Corona                Hex            ######.      0%          1    None
b - Sure Blade            Hex/Chrm       ####......   1%          2    ##.....
c - Confuse               Hex            ######..     1%          3    ###....
d - Ensorcelled Hibernat  Hex/Ice        ####..       1%          2    ##.....
e - Enslavement           Hex            ######..     1%          4    ####...
s - Dazzling Spray        Conj/Hex       ####....     1%          3    ###....


Dungeon Overview and Level Annotations

Branches:
Dungeon (10/15)            Temple (1/1) D:6            Lair (0/8) D:9
    Orc: D:9-12

Altars:
Ashenzari
Cheibriados
Dithmenos
Elyvilon
Fedhas
Kikubaaqudgha
Makhleb
Nemelex Xobeh
Okawaru
Sif Muna
Trog
Vehumet
Xom
Yredelemnul
Zin
The Shining One
Jiyva

Shops:
D:7 [   D:8 [   D:9 [


Innate Abilities, Weirdness & Mutations

You do not heal naturally.
You can bottle blood from corpses.
You have razor-sharp teeth.*
You have supernaturally acute eyesight.
You can survive without breathing.*


Message History

You are very lightly contaminated with residual magic.
The centaur warrior shoots an arrow.
Your giant frog barely misses the freezing wraith.
The freezing wraith closely misses your giant frog.
The freezing wraith hits your giant frog.
The freezing wraith drains your giant frog's vigor!
Your giant frog seems to slow down.
Your giant frog barely misses the freezing wraith.
The centaur warrior shoots an arrow.
The freezing wraith closely misses your giant frog. x2
Your giant frog hits the freezing wraith but does no damage.
The freezing wraith hits your giant frog.
The freezing wraith freezes your giant frog!
Your giant frog seems to slow down.
Your giant frog is killed!
The centaur warrior shoots an arrow.
The arrow misses you.
You see here an arrow.
The centaur warrior shoots an arrow.
The centaur warrior shoots an arrow.
The arrow hits you!
You die...

, * * , ,,, ,+ , , ,* , , , , * *
,, , , , , , , , ,,, ,,
###+#####+##################
..#....#...................... ,
,...........@.............(.. ,,,
[...................)......
*##......(###.......####... .,,
#.........#..%...######... ...
,,#$.#...#..#..#............
....##*####...#######...........[
....#.∆#%.#c((#{(#∆.#............
...... #......$..#..........##...
......###.......###.........##...


You could see a centaur warrior.

Vanquished Creatures
  Maurice (D:8)
  2 trolls
  A two-headed ogre (D:9)
  A wyvern (D:10)
  3 yaks (D:9)
  A deep elf mage (D:9)
  Eustachio (D:8)
  A hippogriff (D:10)
  A hungry ghost (D:4)
  A soldier ant (D:8)
  An orc warrior (D:9)
  A sky beast (D:5)
  A spider (D:8)
  2 necrophages
  2 phantoms (D:7)
  2 yellow wasps
  An ice beast (D:7)
  4 ogres
  2 black bears
  3 giant slugs (D:5)
  3 big kobolds
  A centaur (D:4)
  A brain worm (D:8)
  3 scorpions
  4 giant frogs
  A hippogriff skeleton (D:7)
  6 wights
  A goliath beetle (D:7)
  2 crimson imps
  7 jellies
  A giant frog zombie (D:7)
  3 hounds
  4 big fish
  2 gnoll shamans (D:4)
  4 worker ants
  6 orc priests
  10 orc wizards
  2 killer bee zombies (D:7)
  Ijyb (D:2)
  A crocodile skeleton (D:9)
  A hound skeleton (D:9)
  Terence (D:1)
  18 adders
  39 gnolls
  An inept feature mimic (D:9)
  3 giant mites
  4 shadow imps
  5 worms
  2 orc zombies
  2 giant eyeballs
  9 giant geckos
  2 oozes (D:6)
  32 orcs
  A ball python (D:2)
  A bat skeleton (D:4)
  A bat zombie (D:8)
  10 giant cockroaches
  13 goblins
  21 hobgoblins
  25 jackals
  4 quokkas
  15 bats
  4 giant newts
  A giant spore (D:10)
  3 hobgoblin skeletons
  31 kobolds
  An orc skeleton (D:5)
  A quokka skeleton (D:4)
  22 rats
  A rat skeleton (D:4)
369 creatures vanquished.

Vanquished Creatures (others)
  An orc (D:8)
  A toadstool (D:6)
2 creatures vanquished.

Grand Total: 371 creatures vanquished

Notes
Turn   | Place    | Note
--------------------------------------------------------------
     0 | D:1      | PolkaDot, the Vampire Enchanter, began the quest for the Orb.
     0 | D:1      | Reached XP level 1. HP: 13/13 MP: 3/3
   254 | D:1      | Reached XP level 2. HP: 17/19 MP: 2/4
   357 | D:1      | Learned a level 2 spell: Ensorcelled Hibernation
   744 | D:1      | Reached skill level 5 in Hexes
  1035 | D:1      | Reached XP level 3. HP: 24/24 MP: 3/6
  1039 | D:1      | Learned a level 2 spell: Sure Blade
  1229 | D:2      | Noticed Terence
  1473 | D:1      | Killed Terence
  1989 | D:2      | Reached XP level 4. HP: 30/30 MP: 1/7
  2469 | D:2      | Noticed Ijyb
  2501 | D:2      | Killed Ijyb
  2501 | D:2      | Reached skill level 5 in Stealth
  2501 | D:2      | Reached skill level 6 in Hexes
  2569 | D:2      | Found a sparkling altar of Nemelex Xobeh.
  3165 | D:3      | Reached XP level 5. HP: 35/35 MP: 9/9
  3188 | D:3      | Learned a level 3 spell: Confuse
  3443 | D:5      | Entered Level 5 of the Dungeon
  3464 | D:5      | Found a bloodstained altar of Trog.
  3472 | D:5      | Found a blossoming altar of Fedhas.
  3494 | D:5      | Reached skill level 7 in Hexes
  3544 | D:5      | Reached XP level 6. HP: 32/41 MP: 3/10
  3655 | D:5      | Found a glowing drain.
  3696 | Sewer    | Entered a sewer
  3883 | Sewer    | Found a white marble altar of Elyvilon.
  4047 | D:6      | Noticed a necrophage
  4083 | D:6      | Killed a necrophage
  4083 | D:6      | Reached skill level 8 in Hexes
  4554 | D:6      | Found a staircase to the Ecumenical Temple.
  4559 | Temple   | Entered the Ecumenical Temple
  4662 | Temple   | Became a worshipper of Ashenzari the Shackled
  4929 | D:6      | Reached XP level 7. HP: 29/46 MP: 12/12
  5601 | D:4      | Noticed a centaur
  5634 | D:4      | Killed a centaur
  5634 | D:4      | Reached skill level 9 in Hexes
  5759 | D:4      | Found a glowing golden altar of the Shining One.
  6355 | D:4      | Reached skill level 10 in Hexes
  6459 | D:4      | Noticed an ogre
  6479 | D:4      | Reached XP level 8. HP: 42/52 MP: 8/14
  6496 | D:4      | Killed an ogre
  7018 | D:4      | Reached skill level 11 in Hexes
  7038 | D:4      | Learned a level 3 spell: Dazzling Spray
  7800 | D:5      | Noticed a sky beast
  7810 | D:5      | Killed a sky beast
  7851 | D:5      | Paralysed by a giant eyeball for 4 turns
  7949 | D:5      | Reached skill level 5 in Short Blades
  8046 | D:5      | Reached skill level 12 in Hexes
  8403 | D:6      | Reached XP level 9. HP: 53/57 MP: 14/18
  8665 | D:6      | Acquired Ashenzari's first power
  8683 | D:6      | Reached skill level 10 in Stealth
  8723 | D:6      | Learned a level 4 spell: Enslavement
  8820 | D:6      | Found a viscous altar of Jiyva.
  9391 | D:7      | Found Tuodap's Antique Armour Shop.
  9683 | D:7      | Reached skill level 13 in Hexes
  9700 | D:7      | Paralysed by a giant eyeball for 4 turns
  9713 | D:7      | Paralysed by a giant eyeball for 2 turns
  9924 | D:7      | Bought a brightly glowing helmet for 285 gold pieces
  9927 | D:7      | Identified the +3 helmet "Ekeun" {+Fly} (You bought it in a shop on level 7 of the Dungeon)
 10089 | D:7      | Found a deep blue altar of Sif Muna.
 10174 | D:8      | Noticed Maurice
 10174 | D:8      | Noticed Eustachio
 10176 | D:8      | Killed Eustachio
 10176 | D:8      | Reached skill level 14 in Hexes
 10178 | D:8      | Killed Maurice
 10178 | D:8      | Reached XP level 10. HP: 63/63 MP: 19/19
 10680 | D:8      | Found Siocrui's Armour Emporium.
 10713 | D:8      | Acquired Ashenzari's second power
 11218 | D:9      | Reached skill level 15 in Hexes
 11419 | D:9      | Found Loigo's Antique Armour Shoppe.
 11442 | D:9      | Bought a pair of runed gloves for 121 gold pieces
 11558 | D:9      | Found a staircase to the Orcish Mines.
 11704 | D:9      | Found a burning altar of Makhleb.
 11704 | D:9      | the staircase to the Orcish Mines was a mimic.
 11815 | D:9      | Found a staircase to the Lair.
 12014 | D:10     | Entered Level 10 of the Dungeon
 12055 | D:10     | Acquired Ashenzari's third power
 12138 | D:10     | Reached skill level 16 in Hexes
 12192 | D:10     | Noticed a centaur warrior
 12216 | D:10     | Shot with an arrow by a centaur warrior

Action                   |  1- 3 |  4- 6 |  7- 9 | 10-12 || total
-------------------------+-------+-------+-------+-------++-------
Melee: Dagger            |    91 |   176 |   390 |   141 ||   798
Throw: Dart              |     6 |       |       |     1 ||     7
 Cast: Corona            |     8 |     1 |     5 |       ||    14
       Ensorcelled Hiber |    24 |    51 |   151 |    70 ||   296
       Sure Blade        |     2 |     3 |     5 |     1 ||    11
       Confuse           |       |     3 |    18 |    14 ||    35
       Dazzling Spray    |       |       |    17 |    15 ||    32
       Enslavement       |       |       |       |     1 ||     1
 Abil: End Transformatio |       |     1 |       |       ||     1
       Bat Form          |       |     1 |       |       ||     1
Evoke: Wand              |       |       |       |     3 ||     3
  Use: Scroll            |     3 |    14 |     8 |     3 ||    28
       Potion            |     2 |       |     4 |     1 ||     7
 Stab: Sleeping          |    23 |    53 |   131 |    46 ||   253
       Distracted        |     2 |     1 |     2 |     2 ||     7
       Confused          |       |     2 |    14 |     7 ||    23
       Invisible         |       |       |    13 |     7 ||    20
